AoeStats
← Duke.Wu

Arena

510513008Analyzed
4v4 RM · 2d ago on Oct 1, 2026· 49m 38s· 8 players
Game mode
Random Map
Map size
Large (8 player)
Population
200
Speed
Normal
Resources
Standard
Victory
Conquest
Starting age
Dark Age
Ending age
Imperial Age
RankedLock teamsTeams togetherTeam positionsShared explorationLock speedFull tech treeHidden civsTurbo modeCheats
Victory
Defeat
🇨🇳 Byzantines · China
935
+13
🇨🇳 Franks · China
902
+14
🇹🇷 Franks · Türkiye
887
+15
🇨🇴 Italians · Colombia
841
+17
🇨🇳 Byzantines · China
976
-58
🇬🇷 Celts · Greece
884
-16
🇦🇺 Saxons · Australia
873
-15
🇨🇳 Romans · China
695
-8
The Chosen One
10:35 Feudal Age
16:37 Castle Age
15:16 Horse Collar
15:25 Double-Bit Axe
15:35 Gold Mining
21:17 Stone Mining
22:24 Scale Mail Armor
22:34 Forging
23:06 Fletching
23:27 Forging
22:56 Man-at-Arms
25:22 Scale Barding Armor
39:56 Loom
41:59 Squires
42:10 Pikeman
43:18 Bodkin Arrow
42:57 Pikeman
aggelos
10:54 Feudal Age
14:55 Castle Age
13:09 Horse Collar
13:55 Double-Bit Axe
15:47 Heavy Plow
24:25 Wheelbarrow
24:47 Gold Mining
24:47 Stone Mining
25:47 Hand Cart
26:17 Gold Shaft Mining
30:17 Imperial Age
28:54 Stone Shaft Mining
32:00 Chemistry
30:23 Onager
31:52 Siege Engineers
31:30 Siege Onager
33:03 Capped Ram
34:34 Conscription
34:32 Furor Celtica
34:43 Conscription
35:51 Siege Ram
39:50 Stronghold
39:23 Elite Woad Raider
41:05 Forging
40:56 Scale Mail Armor
42:19 Padded Archer Armor
42:09 Pikeman
42:36 Gambesons
42:36 Arson
43:04 Halberdier
44:21 Iron Casting
44:01 Chain Mail Armor
46:25 Blast Furnace
45:16 Fletching
46:54 Plate Mail Armor
45:56 Heavy Scorpion
49:31 Fortified Wall
Payber
3:00 Loom
11:04 Feudal Age
11:32 Double-Bit Axe
13:53 Horse Collar
14:51 Town Watch
21:32 Castle Age
20:31 Forging
22:37 Heavy Plow
22:53 Bow Saw
22:29 Man-at-Arms
23:52 Squires
24:03 Stone Mining
23:44 Long Swordsman
26:04 Scale Mail Armor
25:44 Pikeman
27:05 Fletching
28:40 Wheelbarrow
29:11 Fortified Wall
30:02 Masonry
30:05 Bodkin Arrow
33:56 Imperial Age
33:46 Gold Mining
35:36 Conscription
36:42 Chemistry
37:21 Wheelbarrow
38:11 Crop Rotation
40:31 Architecture
42:04 Heavy Scorpion
47:49 Heavy Scorpion
Duke.Wu
12:04 Feudal Age
12:31 Horse Collar
12:38 Double-Bit Axe
12:45 Gold Mining
16:20 Loom
18:51 Castle Age
18:06 Stone Mining
18:27 Fletching
19:37 Bodkin Arrow
20:13 Bow Saw
22:00 Thumb Ring
21:15 Crossbowman
22:39 Crossbowman
24:38 Gold Shaft Mining
24:39 Stone Shaft Mining
25:04 Stone Shaft Mining
26:23 Heavy Plow
32:57 Imperial Age
33:05 Padded Archer Armor
33:54 Ballistics
33:31 Murder Holes
33:36 Arbalester
34:19 Bracer
34:35 Leather Archer Armor
35:35 Crop Rotation
36:08 Two-Man Saw
35:06 Pikeman
35:48 Squires
35:33 Gambesons
35:37 Arson
35:55 Scale Mail Armor
36:26 Ring Archer Armor
36:39 Halberdier
38:12 Wheelbarrow
38:19 Chain Mail Armor
38:14 Forging
39:26 Chemistry
41:12 Conscription
41:28 Hoardings
44:42 Coinage
Hüso
11:22 Feudal Age
16:23 Castle Age
14:27 Double-Bit Axe
18:03 Wheelbarrow
21:26 Bow Saw
29:31 Gold Mining
32:24 Imperial Age
29:50 Stone Mining
30:52 Scale Barding Armor
30:48 Scale Mail Armor
31:16 Hand Cart
31:41 Husbandry
32:06 Chain Barding Armor
32:53 Caravan
32:38 Cavalier
33:59 Plate Barding Armor
33:39 Chain Mail Armor
33:39 Fortified Wall
33:11 Treadmill Crane
33:50 Fortified Wall
34:00 Paladin
34:55 Forging
35:40 Gold Shaft Mining
36:06 Plate Mail Armor
37:11 Conscription
36:53 Chivalry
Mita Lover
11:33 Feudal Age
13:40 Double-Bit Axe
15:56 Castle Age
15:54 Loom
30:40 Gold Mining
32:58 Bow Saw
35:32 Imperial Age
33:21 Bow Saw
35:21 Gold Shaft Mining
34:36 Stone Mining
35:00 Forging
34:58 Scale Barding Armor
35:36 Cavalier
36:57 Husbandry
37:09 Light Cavalry
37:12 Paladin
38:52 Iron Casting
38:38 Chain Barding Armor
42:52 Conscription
45:02 Blast Furnace
44:45 Plate Barding Armor
RAOV
11:23 Loom
13:54 Feudal Age
18:35 Castle Age
20:04 Horse Collar
20:20 Gold Mining
21:01 Double-Bit Axe
23:48 Imperial Age
23:11 Forging
23:01 Scale Mail Armor
23:09 Squires
22:54 Arson
29:37 Chain Mail Armor
30:24 Sanctity
29:53 Capped Ram
32:20 Bow Saw
32:23 Heavy Plow
35:40 Iron Casting
35:36 Plate Mail Armor
36:40 Wheelbarrow
37:28 Two-Man Saw
37:23 Crop Rotation
40:02 Blast Furnace
39:40 Hand Cart
46:02 Elite Genoese Crossbowman
47:10 Treadmill Crane
47:26 Murder Holes
47:54 Ballistics
47:44 Masonry
华夏最大根
10:35 Feudal Age
14:56 Castle Age
12:53 Double-Bit Axe
14:54 Horse Collar
16:33 Heavy Plow
22:50 Bow Saw
23:24 Gold Mining
23:26 Stone Mining
24:38 Wheelbarrow
24:42 Gold Shaft Mining
28:13 Imperial Age
26:54 Hand Cart
26:25 Loom
26:47 Scale Barding Armor
28:11 Stone Shaft Mining
31:52 Crop Rotation
32:24 Two-Man Saw
32:10 Treadmill Crane
33:31 Chemistry
32:42 Fortified Wall
32:53 Ballistics
32:59 Chain Barding Armor
32:50 Forging
33:37 Conscription
33:31 Logistica
34:55 Plate Barding Armor
35:00 Hoardings
35:17 Elite Cataphract
38:41 Iron Casting
38:12 Scale Mail Armor
43:01 Husbandry
Connection lost

Rejoining the realm…

Still unreachable

The connection could not be restored.

Session expired

The server has moved on; the page needs a fresh start.